 Dungeon Crawl Stone Soup version 0.19.5 (webtiles) character file.

58 Flooderbenga the Sneak (level 3, 0/15 HPs)
             Began as a Felid Enchanter on Jan 22, 2017.
             Was an Initiate of Dithmenos.
             Slain by a hobgoblin
             ... wielding a +0 long sword
             ... led by Robin
              (9 damage)
             ... on level 2 of the Dungeon on Apr 30, 2017.
             The game lasted 00:32:07 (1652 turns).

Flooderbenga the Sneak (Felid Enchanter)            Turns: 1652, Time: 00:32:07

Health: 0/15       AC:  1    Str:  4    XL:     3   Next: 76%
Magic:  1/7        EV: 18    Int: 16    God:    Dithmenos [......]
Gold:   21         SH:  0    Dex: 17    Spells: 3 memorised, 0 levels left
                                        Lives:  0   Deaths: 0

rFire  . . .     SeeInvis +       - Unarmed
rCold  . . .     Gourm    .     (armour unavailable)
rNeg   . . .     Faith    .     (shield unavailable)
rPois  .         Spirit   .     (helmet unavailable)
rElec  .         Reflect  .     (cloak unavailable)
rCorr  .         Harm     .     (gloves unavailable)
MR     .....                    (boots unavailable)
Stlth  +++.......               (no amulet)
                                (no ring)
                                (no ring)

@: quick
A: no armour, no weapons or thrown items, stealth, claws 1, fangs 3, see
invisible, carnivore 3, speed 1, shaggy fur 1, slow metabolism 1, sharp paws
a: Renounce Religion


You were on level 2 of the Dungeon.
You worshipped Dithmenos.
Dithmenos was noncommittal.
You were not hungry.

You visited 1 branch of the dungeon, and saw 2 of its levels.

You collected 21 gold pieces.

Inventory:

Potions
 c - a potion of cancellation {unknown}
 d - a potion of flight {unknown}
 e - a potion of brilliance {unknown}
 f - 2 potions of heal wounds
Books
 a - a book of Maledictions

   Spells                             Type                      Level
   a - Corona                         Hexes                        1
   b - Ensorcelled Hibernation        Hexes/Ice                    2
   c - Confuse                        Hexes                        3
   d - Tukima's Dance                 Hexes                        3
   e - Dazzling Spray                 Conjuration/Hexes            3
Comestibles
 b - 4 meat rations
 g - 2 beef jerkies


   Skills:
 + Level 0.4 Fighting
 + Level 3.3 Dodging
 + Level 4.9 Stealth
 + Level 1.6 Unarmed Combat
 + Level 2.3 Spellcasting
 + Level 4.8 Hexes


You couldn't memorise any spells.
You knew the following spells:

 Your Spells              Type           Power        Failure   Level  Hunger
a - Corona                Hex            ###....      3%          1    #......
b - Tukima's Dance        Hex            ###.....     12%         3    ###....
c - Ensorcelled Hibernat  Hex/Ice        #.....       12%         2    ###....


Dungeon Overview and Level Annotations

Branches:
Dungeon (2/15)

Altars:
Dithmenos

Annotations:
D:2 Robin


Innate Abilities, Weirdness & Mutations

You cannot wear armour.
You are incapable of wielding weapons or throwing items.
Your paws allow you to move quietly. (Stealth)
You have sharp claws.
You have razor-sharp teeth.
You have supernaturally acute eyesight. (SInv)
You are carnivorous and can eat meat at any time.
You cover ground quickly.
You are covered in fur. (AC +1)
You have a slow metabolism.
Your sharp claws are effective at attacking unaware monsters.


Message History

The hobgoblin completely misses you.
You scratch the hobgoblin.
The hobgoblin is heavily wounded.
The hobgoblin hits you with a long sword!
You scratch the hobgoblin but do no damage.
The hobgoblin is heavily wounded.
The hobgoblin barely misses you.
You scratch the hobgoblin but do no damage.
The hobgoblin is heavily wounded.
The hobgoblin barely misses you.
You scratch the hobgoblin.
The hobgoblin is almost dead.
You barely miss the hobgoblin.
The hobgoblin is almost dead.
The hobgoblin completely misses you.
You scratch the hobgoblin but do no damage.
The hobgoblin is severely wounded.
The hobgoblin hits you with a long sword!
Ouch! That really hurt!
You die...

.# # #(..#.#. ##J# ##
##.####.###. ... #. ..........#.
## g....#.#########.........<. #.
.#%..#.......#........§..#.
#.####.##...........!.....#.§§.#.
.g...........J....)# ###..#§§§§#.
....g#.##..###.....# #. ###....
.....'.##..#.<.g@#.# #..#......
.....####..##..#.#... ...#......
#....# #......#.##### #..#......
#....#####'###.#.# #..####...
#....)......##.#.# #..##.....
#....((........#.# #..##.....
#...........#..#'#######..##.....
####.................>.....'.....
#.......................#.....


You could see an ooze and a hobgoblin.

Vanquished Creatures
  2 adders (D:2)
  An ooze (D:1)
  3 dart slugs (D:1)
  3 ball pythons
  A giant cockroach (D:1)
  A goblin (D:2)
  3 hobgoblins
  6 kobolds
  6 bats
  2 frilled lizards (D:1)
  5 rats
33 creatures vanquished.

Notes
Turn   | Place    | Note
-------+----------+-------------------------------------------
     0 | D:1      | Flooderbenga the Felid Enchanter began the quest for the Orb.
     0 | D:1      | Reached XP level 1. HP: 7/7 MP: 4/4
   180 | D:1      | Upgraded the game from 0.19.3 to 0.19.4
   251 | D:1      | Reached XP level 2. HP: 10/11 MP: 6/6
   879 | D:1      | Upgraded the game from 0.19.4 to 0.19.5
  1278 | D:2      | Found a shadowy altar of Dithmenos.
  1284 | D:2      | Reached XP level 3. HP: 12/14 MP: 7/7
  1345 | D:2      | Became a worshipper of Dithmenos the Shadowed
  1452 | D:1      | Learned a level 3 spell: Tukima's Dance
  1455 | D:1      | Learned a level 2 spell: Ensorcelled Hibernation
  1489 | D:2      | Noticed Robin
  1652 | D:2      | Slain by a hobgoblin

Skill      XL: |  1  2 |
---------------+-------+-----
Dodging        | 3 |  3.3
Fighting       | |  0.4
Stealth        | |  4.9
Unarmed Combat | |  1.6
Spellcasting   | |  2.3
Hexes          | |  4.8

Action                   || total
-------------------------++-------
Melee: Unarmed           ||   101
       Bite              ||     5
       Punch             ||     1
 Cast: Corona            ||    17
       Ensorcelled Hiber ||     3
       Tukima's Dance    ||     2
  Use: Scroll            ||     1
       Potion            ||     1
 Stab: Sleeping          ||     9
       Distracted        ||     1
  Eat: Chunk             ||     5
Armor: Skin              ||     3
Dodge: Dodged            ||    89
